AoeStats
← Long John Silver

Black Forest

508642008Analyzed
4v4 RM · 8d ago on Sep 23, 2026· 31m 11s· 8 players
Game mode
Random Map
Map size
Large (8 player)
Population
200
Speed
Normal
Resources
Standard
Victory
Conquest
Starting age
Dark Age
Ending age
Imperial Age
RankedLock teamsTeams togetherTeam positionsShared explorationLock speedFull tech treeHidden civsTurbo modeCheats
Victory
Defeat
🇨🇳 Jurchens · China
1489
+15
🇳🇴 Japanese · Norway
1481
+15
🇩🇪 Saracens · Germany
1473
+15
🇭🇰 Danes · Hong Kong SAR China
1471
+16
🇭🇰 Poles · Hong Kong SAR China
1486
-16
🇲🇴 Persians · Macao SAR China
1459
-15
🇨🇳 Dravidians · China
1454
-15
🇭🇰 Turks · Hong Kong SAR China
1450
-15
LinG寶寶
4:05 Loom
13:49 Feudal Age
15:14 Double-Bit Axe
18:59 Castle Age
19:21 Fishing Lines
19:57 Bow Saw
20:24 Gillnets
23:08 Scale Barding Armor
24:07 Gold Mining
24:08 Stone Mining
24:59 Szlachta Privileges
25:56 Horse Collar
26:42 Heavy Plow
27:28 Bloodlines
30:13 Wheelbarrow
33:03 Imperial Age
33:12 Imperial Age
30:58 Forging
30:50 Husbandry
31:24 Hand Cart
31:51 Chain Barding Armor
jimmy211211
12:19 Feudal Age
15:46 Castle Age
16:20 Double-Bit Axe
23:19 Fishing Lines
25:27 Horse Collar
26:00 Loom
26:50 Bow Saw
26:44 Heavy Plow
27:45 Wheelbarrow
27:11 Gillnets
29:14 Forging
29:09 Scale Barding Armor
31:59 Imperial Age
30:44 Hand Cart
はちみ
0:27 Loom
12:54 Feudal Age
13:34 Double-Bit Axe
17:39 Town Watch
20:41 Castle Age
18:51 Fishing Lines
21:54 Bow Saw
24:43 Gillnets
25:01 Horse Collar
26:19 Wheelbarrow
30:48 Imperial Age
29:54 Gold Mining
29:55 Stone Mining
31:00 Fletching
屌炸天
0:29 Loom
15:16 Feudal Age
Sasha The Bunny
5:20 Loom
12:09 Feudal Age
13:30 Double-Bit Axe
16:20 Castle Age
16:00 Fishing Lines
16:21 Horse Collar
18:19 Bow Saw
18:02 Gillnets
24:03 Heavy Plow
26:38 Wheelbarrow
25:50 Town Watch
26:00 Gold Mining
26:50 Pikeman
27:31 Squires
27:59 Fletching
28:09 Padded Archer Armor
28:09 Scale Mail Armor
28:20 Forging
28:39 Hand Cart
30:14 Gold Shaft Mining
29:29 Stone Mining
30:03 Chain Mail Armor
29:44 Bodkin Arrow
30:03 Masonry
31:23 Iron Casting
33:27 Imperial Age
-GNG-Tenma
10:09 Feudal Age
10:56 Double-Bit Axe
13:41 Castle Age
13:50 Horse Collar
14:44 Bow Saw
16:54 Loom
22:33 Wheelbarrow
23:36 Hand Cart
27:34 Imperial Age
25:55 Heavy Plow
26:01 Scale Barding Armor
25:50 Gold Mining
25:50 Stone Mining
27:16 Gold Shaft Mining
27:03 Chain Barding Armor
26:57 Forging
28:39 Stone Shaft Mining
28:54 Plate Barding Armor
28:57 Bloodlines
28:50 Husbandry
28:10 Elite Steppe Lancer
29:43 Iron Casting
30:42 Crop Rotation
pray4u
1:08 Loom
10:00 Feudal Age
12:12 Man-at-Arms
14:54 Double-Bit Axe
20:39 Castle Age
19:41 Horse Collar
19:53 Gold Mining
21:55 Bow Saw
27:23 Wheelbarrow
33:09 Imperial Age
Long John Silver
9:15 Feudal Age
10:09 Double-Bit Axe
13:32 Fletching
21:52 Castle Age
19:40 Loom
20:43 Gold Mining
20:34 Horse Collar
21:55 Crossbowman
22:30 Bodkin Arrow
23:35 Thumb Ring
24:55 Padded Archer Armor
26:49 Wheelbarrow
26:00 Town Watch
28:53 Ballistics
29:37 Fishing Lines
31:51 Bow Saw
31:42 Heavy Plow
Connection lost

Rejoining the realm…

Still unreachable

The connection could not be restored.

Session expired

The server has moved on; the page needs a fresh start.